Map: Waterfall

Players

Oliveira

  • Race: Terran Terran
  • League: Grandmaster
  • Spawn Location: 7:00

ByuN - Winner!

  • Race: Terran Terran
  • Spawn Location: 1:00

VOD

Have the link to the VOD?

Description

Time

  • Played on: Oct. 22, 2022, 8:04 a.m.
  • Length: 11:48
Show
View Real Time Build Order
Export as new Build Order

Oliveira Terran 

Build Orders:  

Get SALT Encoding   

  12  0:00  SCV  
  13  0:12  SCV  
  14  0:17  Supply Depot  
  14  0:24  SCV  
  15  0:30  Refinery  
  15  0:38  SCV  
  16  0:44  Barracks  
  16  0:51  SCV  
  16  0:56  Refinery  
  17  1:03  SCV  
  18  1:15  SCV  
  19  1:32  Reaper, Orbital Command  
  20  1:36  Factory  
  20  1:45  Supply Depot  
  20  1:57  SCV  
  21  2:05  Reaper  
  22  2:09  SCV  
  23  2:21  Hellion  
  23  2:22  SCV  
  26  2:36  SCV  
  24  2:37  Reaper  
  24  2:42  Hellion  
  25  2:52  SCV  
  25  2:56  Command Center  
  26  3:04  Hellion  
  26  3:05  Supply Depot  
  27  3:06  SCV  
  27  3:09  Reaper  
  29  3:15  Starport  
  29  3:18  SCV  
  30  3:25  Factory Tech Lab  
  30  3:30  SCV  
  31  3:44  Cyclone  
  31  3:45  Barracks Tech Lab  
  31  3:46  SCV  
  35  3:58  SCV  
  36  4:07  Orbital Command  
  36  4:15  SCV  
  36  4:16  Siege Tank  
  40  4:18  Barracks Reactor  
  40  4:28  Refinery  
  40  4:29  SCV  
  41  4:36  Orbital Command  
  41  4:41  SCV  
  41  4:44  Command Center  
  42  4:53  SCV, Raven  
  42  4:57  Marine x2  
  47  5:01  SCV  
  47  5:05  SCV  
  47  5:06  Supply Depot  
  49  5:13  SCV, Siege Tank  
  53  5:16  Supply Depot  
  53  5:17  SCV  
  54  5:25  Supply Depot  
  54  5:27  SCV, Marine x2  
  57  5:29  SCV  
  52  5:38  Raven  
  52  5:39  SCV  
  52  5:41  SCV  
  56  5:45  Marine x2  
  58  5:52  SCV  
  58  5:53  Siege Tank  
  58  5:55  SCV  
  58  5:56  Orbital Command  
  63  6:03  Marine x2  
  63  6:04  SCV  
  66  6:07  SCV  
  67  6:12  Barracks  
  67  6:14  Barracks  
  67  6:16  SCV  
  68  6:19  SCV  
  68  6:22  SCV  
  68  6:23  Supply Depot  
  70  6:26  Siege Tank  
  70  6:28  SCV  
  70  6:30  Stimpack, Marine  
  70  6:32  SCV  
  76  6:33  Starport Reactor  
  76  6:36  SCV  
  76  6:37  Refinery  
  77  6:41  SCV  
  77  6:44  SCV  
  79  6:47  Engineering Bay x2  
  79  6:48  SCV, Marine  
  79  6:53  SCV  
  82  6:56  Supply Depot, SCV  
  82  7:00  Siege Tank  
  86  7:06  Orbital Command, Marine x2  
  88  7:10  SCV  
  88  7:11  SCV  
  88  7:14  Starport Reactor  
  90  7:18  Marine x2  
  90  7:21  Marine  
  90  7:22  SCV  
  93  7:23  SCV  
  93  7:28  Supply Depot  
  93  7:30  Marine  
  93  7:31  Marine  
  93  7:34  SCV x2  
  93  7:35  SCV  
  96  7:37  Barracks  
  96  7:39  Marine  
  96  7:40  Siege Tank  
  96  7:42  Barracks  
  96  7:43  Marine  
  101  7:44  Marine  
  101  7:46  SCV x2  
  101  7:48  SCV  
  101  7:50  Missile Turret x2, Terran Infantry Armor Level 1, Terran Infantry Weapons Level 1  
  105  7:53  Marine  
  105  7:54  Supply Depot  
  105  7:58  SCV  
  107  7:59  SCV, Marine  
  107  8:00  Marine  
  107  8:02  Medivac x2  
  107  8:03  SCV  
  107  8:05  Marine  
  113  8:10  SCV, Combat Shield  
  113  8:11  SCV  
  114  8:14  Marine  
  114  8:15  SCV  
  115  8:24  Marine  
  115  8:25  Barracks Reactor  
  115  8:26  Marine  
  112  8:28  SCV  
  112  8:29  SCV, Siege Tank  
  116  8:37  Marine  
  110  9:20  SCV, Marine x3  
  110  9:23  Marine x3  
  110  9:24  SCV  
  109  9:29  Orbital Command  
  109  9:31  Supply Depot  
  109  9:32  Supply Depot  
  109  9:33  Supply Depot  
  109  9:41  SCV  
  109  9:45  SCV  
  109  9:52  Marine x5  
  109  9:53  Siege Tank, Marine  
  109  9:54  SCV  
  109  9:57  SCV  
  120  10:00  SCV  
  120  10:02  Barracks  
  121  10:07  Supply Depot  
  121  10:08  Supply Depot, Starport Reactor  
  121  10:10  Marine x3  
  118  10:22  Marine x2  
  118  10:23  Marine  
  118  10:25  SCV  
  118  10:28  Marine x2  
  118  10:39  Marine  
  118  10:40  Marine  
  118  10:41  Marine x2  
  115  10:43  Siege Tank  
  115  10:46  Marine  
  115  10:47  Marine  
  110  10:52  SCV x2  
  110  10:54  Medivac x2  
  110  10:57  Marine  
  110  10:58  Marine  
  110  10:59  Marine  
  110  11:02  Marine  
  110  11:04  SCV, Marine  
  98  11:05  Marine  
  98  11:08  SCV  
  83  11:15  Marine  
  83  11:16  Armory, Marine  
  83  11:17  Marine  
  88  11:19  Marine  
  88  11:21  Marine  
  88  11:23  Marine  
Show
View Real Time Build Order
Export as new Build Order

ByuN Terran - Winner!

Build Orders:  

Get SALT Encoding   

  12  0:00  SCV  
  13  0:14  Supply Depot  
  13  0:17  SCV  
  15  0:37  Barracks  
  15  0:41  Refinery  
  14  0:54  Barracks  
  14  0:59  SCV  
  15  1:11  SCV  
  16  1:25  Reaper  
  18  1:26  Orbital Command  
  17  1:33  Refinery  
  17  1:43  Reaper  
  18  1:52  SCV  
  18  1:53  Supply Depot  
  19  1:59  Reaper  
  20  2:04  SCV  
  21  2:15  Reaper  
  22  2:16  SCV  
  23  2:28  SCV  
  24  2:30  Factory  
  24  2:40  SCV  
  24  2:42  Reaper  
  26  2:51  Supply Depot  
  26  2:52  SCV  
  26  2:57  Reaper  
  28  3:04  SCV  
  29  3:14  Factory Tech Lab  
  29  3:15  Reaper  
  29  3:17  SCV  
  31  3:23  Command Center  
  31  3:29  SCV  
  32  3:36  Cyclone  
  34  3:42  Starport  
  34  3:44  SCV  
  35  3:49  Supply Depot  
  35  3:56  SCV  
  36  4:08  SCV  
  37  4:11  Cyclone  
  40  4:20  SCV  
  40  4:22  Refinery  
  41  4:26  Medivac  
  43  4:32  SCV  
  43  4:34  Orbital Command  
  44  4:43  Siege Tank  
  44  4:44  SCV  
  48  4:56  SCV  
  48  4:57  Starport Tech Lab  
  49  5:02  Command Center  
  49  5:05  Barracks Reactor  
  49  5:06  SCV  
  50  5:08  SCV  
  51  5:18  Supply Depot, SCV  
  51  5:20  SCV  
  56  5:23  Refinery, Raven  
  55  5:30  SCV  
  55  5:32  SCV  
  57  5:37  Siege Tank  
  57  5:42  Marine x2  
  61  5:43  Supply Depot  
  61  5:46  SCV x2  
  64  5:58  SCV x2, Barracks x2  
  64  6:00  Marine x2  
  68  6:07  Raven  
  68  6:10  SCV x2, Siege Tank  
  75  6:15  Orbital Command  
  75  6:21  Marine x2  
  75  6:22  SCV x2  
  79  6:27  Supply Depot  
  79  6:33  Engineering Bay  
  79  6:34  Engineering Bay, SCV x2  
  81  6:40  SCV  
  81  6:44  Siege Tank  
  81  6:46  Barracks Reactor x2, SCV  
  86  6:47  SCV  
  86  6:48  Supply Depot  
  86  6:50  Orbital Command  
  87  6:59  SCV x2  
  89  7:02  Terran Infantry Armor Level 1, Terran Infantry Weapons Level 1  
  89  7:07  Marine  
  90  7:11  SCV x2  
  90  7:12  Supply Depot  
  90  7:13  Stimpack  
  90  7:14  Supply Depot  
  92  7:20  SCV  
  92  7:23  Viking x2, SCV x2  
  92  7:25  Marine  
  92  7:27  Marine x3  
  104  7:40  SCV x3, Sensor Tower  
  104  7:42  Siege Tank  
  108  7:44  Supply Depot  
  108  7:45  Supply Depot  
  108  7:49  Marine x3  
  108  7:50  Marine x2  
  113  7:52  SCV x2  
  113  7:53  SCV  
  115  8:04  SCV x2  
  114  8:06  Medivac  
  114  8:07  Medivac, Marine x5  
  123  8:16  SCV x3  
  126  8:25  Marine  
  125  8:28  SCV x2  
  125  8:30  SCV, Barracks  
  125  8:31  Barracks, Siege Tank  
  125  8:33  Armory  
  126  8:36  Medivac  
  126  8:39  Marine x3  
  126  8:40  SCV, Marine  
  134  8:43  Marine  
  130  8:52  Combat Shield  
  124  8:57  Marine x2  
  124  8:58  Marine x2  
  126  9:02  Supply Depot  
  126  9:06  Command Center  
  126  9:11  Marine  
  126  9:24  Siege Tank, Marine x4  
  126  9:29  Barracks Reactor x2, Marine  
  134  9:33  Medivac x2  
  134  9:34  Supply Depot x2  
  138  9:42  Marine x4  
  142  9:48  Missile Turret  
  142  9:50  Marine  
  142  9:51  Terran Vehicle Weapons Level 1  
  142  9:54  Supply Depot  
  142  9:58  Supply Depot  
  142  9:59  Marine  
  142  10:01  Siege Tank  
  142  10:04  Marine x3  
  148  10:15  Marine x3  
  148  10:20  Marine  
  145  10:21  Marine x2  
  145  10:24  Marine x2  
  145  10:27  Marine  
  142  10:32  Marine  
  142  10:34  Siege Tank  
  146  10:37  Marine  
  146  10:38  Marine  
  146  10:41  Marine x2  
  140  10:47  Marine x2  
  136  10:51  Starport  
  136  10:52  Marine  
  136  10:53  Marine  
  133  10:58  SCV, Marine x2  
  133  11:01  Marine  
  122  11:06  Siege Tank  
  122  11:07  Marine  
  119  11:12  Orbital Command  
  119  11:13  Marine  
Tags
 
Add a new tag
Caveats
  • Supply blocks, unpowered buildings, or Contaminate may cause inaccurate times.
  • Supply counts are checked every 10 seconds.